Description

My take Vibes Terran bronze to gm build order

Build Order

Get SALT Encoding   

  12  0:02  SCV  
  12  0:10  SCV  
  14  0:22  Supply Depot  
  14  0:30  SCV x2  
  16  0:43  Barracks  
  16  0:47  Refinery  FULL GAS
  16  1:00  SCV x3  
  19  1:30  Orbital Command  
  19  1:31  SCV  
  20  1:50  Marine, Command Center  
Spawning Tool Build Advisor. Get it on Overwolf

Go to:

Details

  • Created by: slaythehorde
  • Published on: Sep 25, 2019
  • Modified on: Sep 25, 2019
  • Patch: 4.7.1
Show
View Real Time Build Order
Export as new Build Order

Comments (0)

There are no comments. Be the first!

Create an account to comment!